Map: Dusk Towers

Players

juhyg - Winner!

  • Race: Zerg Zerg
  • League: Bronze

A.I. 1 (Hard)

  • Race: Terran Terran

VOD

Have the link to the VOD?

Description

Time

  • Played on: Feb. 7, 2016, 8:41 p.m.
  • Length: 5:45
Show
View Real Time Build Order
Export as new Build Order

juhyg Zerg - Winner!

Build Orders: Pool First 

Get SALT Encoding   

  12  0:19  Spawning Pool  
  11  0:30  Drone x2, Extractor  
  12  0:41  Drone  
  12  0:42  Drone  
  14  0:57  Overlord  
  14  1:24  Baneling Nest  
  13  1:26  Queen  
  13  1:27  Drone x2  
  13  1:28  Drone  
  18  1:46  Drone  
  19  1:50  Drone  
  20  2:01  Zergling x2  
  21  2:13  Metabolic Boost  
  21  2:24  Zergling x2  
  22  2:37  Overlord  
  22  2:57  Baneling x2  
  22  3:00  Zergling x2  
  22  3:01  Zergling x4  
  25  3:08  Zergling x6  
  28  3:17  Zergling x2  
  29  3:28  Zergling x2  
  30  3:41  Overlord  
  30  3:43  Overlord  
  30  3:44  Overlord x2  
  24  4:09  Zergling x2  
  24  4:10  Zergling x8  
  25  4:35  Zergling x4  
  27  4:49  Zergling x8, Hatchery  
  28  5:01  Zergling x2  
  26  5:17  Zergling x2  
  26  5:21  Zergling x6  
Show
View Real Time Build Order
Export as new Build Order

A.I. 1 (Hard) Terran 

Build Orders:  

Get SALT Encoding   

  12  0:00  SCV  
  13  0:13  SCV  
  14  0:19  Supply Depot  
  14  0:25  SCV  
  15  0:40  SCV  
  15  0:42  Barracks  
  16  0:50  Refinery  
  16  0:52  SCV  
  17  1:04  SCV  
  18  1:17  SCV  
  19  1:20  Supply Depot  
  19  1:29  SCV  
  19  1:30  Marine  
  21  1:40  Barracks  
  21  1:42  Orbital Command  
  21  1:49  Barracks Tech Lab, Refinery  
  21  2:06  Supply Depot  
  21  2:07  Marine  
  22  2:25  Marine  
  22  2:28  Marine  
  24  2:42  Marine  
  25  2:44  Supply Depot  
  25  2:47  Marine  
  26  3:00  Marine  
  27  3:05  Marine  
  28  3:17  Supply Depot, SCV  
  28  3:18  Marine  
  30  3:24  Marine  
  31  3:29  Engineering Bay, SCV  
  32  3:36  Marauder  
  34  3:42  SCV  
  34  3:43  Marine  
  36  3:54  SCV  
  37  3:57  Marine  
  37  4:01  Marine  
  29  4:06  SCV  
  27  4:15  Marine  
  27  4:20  Marine  
  24  4:33  Marine  
  24  4:35  SCV  
  26  4:39  Marine  
  27  4:47  SCV  
  27  4:51  Marine  
  29  4:57  Marine  
  29  4:59  SCV  
  21  5:09  Marine  
  21  5:11  SCV  
  21  5:16  Marine  
  20  5:23  SCV  
  20  5:26  Marine  
Tags
 
League
Bronze
Matchup
TvZ
Opening
Pool First
Add a new tag
Caveats
  • Supply blocks, unpowered buildings, or Contaminate may cause inaccurate times.
  • Supply counts are checked every 10 seconds.